Map: Ulrena

Players

ColoUrDFiRsT

  • Race: Zerg Zerg
  • League: Grandmaster

lllllllll (Probe) - Winner!

  • Race: Protoss Protoss
  • League: Master

VOD

Have the link to the VOD?

Description

Time

  • Played on: Nov. 18, 2015, 4:14 a.m.
  • Length: 16:31
Show
View Real Time Build Order
Export as new Build Order

ColoUrDFiRsT Zerg 

Build Orders: Hatch First 

Get SALT Encoding   

  12  0:03  Drone  
  13  0:10  Drone  
  14  0:17  Overlord  
  14  0:35  Drone  
  14  0:36  Drone x2  
  17  0:54  Hatchery  
  17  0:56  Drone  
  17  1:07  Drone  
  17  1:08  Extractor  
  17  1:18  Spawning Pool  
  17  1:19  Drone  
  17  1:23  Drone  
  18  1:38  Overlord  
  18  1:52  Drone  
  19  2:05  Queen  
  19  2:06  Zergling x2  
  19  2:07  Queen  
  24  2:10  Drone x2  
  26  2:20  Roach Warren  
  25  2:29  Overlord  
  25  3:00  Roach x6  
  37  3:11  Drone x2  
  39  3:13  Drone x3  
  42  3:31  Ravager  
  42  3:32  Ravager  
  44  3:37  Overlord  
  44  3:40  Overlord  
  44  3:54  Overlord  
  44  3:56  Ravager, Extractor  
  44  3:57  Drone x7  
  44  3:59  Drone  
  52  4:04  Drone x2  
  53  4:19  Ravager  
  53  4:20  Drone  
  53  4:21  Drone x2  
  57  4:30  Hatchery  
  56  4:41  Drone x7  
  63  4:50  Extractor  
  63  4:51  Extractor  
  61  5:04  Ravager x2  
  61  5:06  Drone x5  
  68  5:10  Overlord  
  68  5:14  Overlord x3  
  68  5:28  Queen  
  70  5:30  Roach x3  
  70  5:33  Overlord, Roach  
  78  5:36  Roach  
  78  5:38  Roach  
  78  5:41  Roach  
  84  5:52  Roach x5  
  84  5:53  Roach  
  95  6:04  Roach x4  
  95  6:09  Roach  
  95  6:10  Roach x2  
  101  6:12  Roach  
  101  6:13  Ravager  
  104  6:19  Ravager x2  
  104  6:24  Roach x2  
  104  6:25  Overlord  
  110  6:26  Roach  
  110  6:28  Roach  
  105  6:53  Ravager x3  
  101  6:55  Roach  
  101  6:56  Roach x2  
  101  6:57  Drone x4  
  101  6:58  Drone x10  
  114  7:20  Roach  
  116  7:24  Roach x3  
  116  7:27  Roach  
  120  7:30  Roach  
  120  7:35  Overlord  
  120  7:36  Overlord x3  
  104  8:01  Roach  
  104  8:02  Ravager x5, Roach x5  
  104  8:05  Overlord  
  113  8:06  Extractor x2  
  113  8:11  Lair  
  111  8:18  Hatchery, Roach x4  
  118  8:20  Evolution Chamber x2, Hatchery  
  118  8:25  Roach  
  118  8:26  Roach x2  
  121  8:31  Roach  
  123  8:35  Roach  
  123  8:36  Roach  
  123  8:37  Roach  
  123  8:40  Drone x2  
  131  8:43  Roach  
  131  8:44  Roach x3  
  131  8:46  Roach  
  141  8:50  Overlord  
  141  8:51  Overlord  
  141  8:53  Roach  
  143  9:10  Zerg Missile Weapons Level 1, Glial Reconstitution, Zerg Ground Armor Level 1  
  143  9:14  Drone  
  143  9:15  Drone x10  
  160  9:24  Roach x3  
  160  9:26  Roach  
  162  9:35  Roach x3  
  162  9:37  Ravager x3, Extractor  
  155  9:38  Ravager  
  155  9:41  Roach  
  155  9:42  Extractor  
  114  10:01  Roach x10  
  114  10:02  Roach  
  114  10:03  Roach  
  114  10:04  Roach  
  114  10:05  Roach  
  114  10:06  Ravager  
  129  10:11  Roach x3  
  132  10:17  Roach x4  
  132  10:20  Roach  
  132  10:21  Roach  
  141  10:22  Roach  
  141  10:27  Ravager  
  140  10:29  Ravager  
  140  10:32  Zergling x16  
  136  10:44  Roach  
  136  10:45  Roach x4  
  136  10:47  Ravager  
  136  10:48  Ravager  
  137  10:51  Roach  
  137  10:56  Roach  
  134  11:01  Roach  
  134  11:02  Roach x5  
  144  11:05  Roach  
  144  11:07  Roach  
  144  11:14  Roach  
  144  11:19  Roach x5  
  144  11:25  Ravager, Roach  
  153  11:35  Roach  
  148  11:44  Ravager x2  
  148  11:46  Ravager  
  151  11:47  Ravager  
  151  11:51  Ravager  
  134  12:09  Roach x11  
  134  12:12  Roach x2  
  134  12:14  Overlord x3  
  135  12:33  Ravager  
  135  12:35  Roach x8  
  150  12:48  Ravager x2  
  150  12:49  Ravager  
  147  12:55  Roach  
  147  12:56  Roach x2  
  142  12:58  Roach  
  142  13:03  Roach  
  134  13:08  Roach x5  
  144  13:14  Queen x2  
  144  13:19  Roach x2  
  152  13:22  Hatchery  
  149  13:30  Roach x4  
  149  13:33  Drone x2  
  155  13:58  Roach  
  155  13:59  Roach x3  
  160  14:02  Roach  
  158  14:15  Ravager  
  158  14:16  Ravager  
  158  14:27  Roach x4  
  158  14:29  Overlord  
  158  14:30  Overlord x2  
  160  14:35  Ravager  
  160  14:36  Roach x2  
  160  14:38  Overlord  
  165  14:50  Roach  
  167  14:56  Roach x5  
  167  14:58  Roach x2  
  180  15:04  Roach x2  
  184  15:10  Hydralisk Den  
  183  15:15  Drone  
  183  15:19  Roach  
  177  15:46  Hydralisk  
  177  15:47  Hydralisk x5  
  180  16:02  Ravager  
Show
View Real Time Build Order
Export as new Build Order

lllllllll Protoss - Winner!

Build Orders: 1 Gate Expand 

Get SALT Encoding   

  12  0:01  Probe (Chrono Boost)  
  13  0:12  Probe (Chrono Boost)  
  14  0:19  Pylon  
  14  0:22  Probe (Chrono Boost)  
  15  0:37  Probe (Chrono Boost)  
  16  0:43  Gateway  
  16  0:48  Probe (Chrono Boost)  
  17  0:57  Assimilator  
  17  0:58  Probe (Chrono Boost)  
  18  1:09  Probe (Chrono Boost)  
  19  1:21  Nexus  
  19  1:24  Probe (Chrono Boost)  
  20  1:34  Cybernetics Core  
  20  1:38  Probe (Chrono Boost)  
  21  1:47  Assimilator  
  21  1:48  Probe (Chrono Boost)  
  21  1:52  Pylon  
  22  1:59  Probe (Chrono Boost)  
  23  2:12  Mothership Core (Chrono Boost)  
  25  2:21  Warp Gate (Chrono Boost)  
  25  2:30  Probe (Chrono Boost)  
  25  2:34  Probe (Chrono Boost)  
  27  2:40  Sentry  
  27  2:41  Probe (Chrono Boost)  
  30  2:44  Probe (Chrono Boost)  
  30  2:50  Gateway  
  31  2:51  Probe (Chrono Boost)  
  31  2:52  Gateway  
  31  2:55  Probe (Chrono Boost)  
  33  3:02  Probe (Chrono Boost)  
  34  3:06  Sentry, Probe (Chrono Boost)  
  34  3:07  Pylon  
  38  3:12  Probe (Chrono Boost)  
  38  3:16  Probe (Chrono Boost)  
  39  3:23  Probe (Chrono Boost)  
  39  3:24  Forge  
  39  3:27  Probe (Chrono Boost)  
  41  3:32  Sentry  
  41  3:33  Probe (Chrono Boost)  
  44  3:37  Probe (Chrono Boost)  
  45  3:42  Pylon  
  45  3:44  Probe (Chrono Boost)  
  45  3:50  Pylon  
  45  3:54  Pylon  
  49  3:59  Probe  
  49  4:01  Probe, Pylon  
  47  4:10  Probe  
  47  4:13  Probe  
  49  4:21  Adept  
  49  4:22  Adept x2  
  49  4:23  Probe  
  55  4:25  Probe, Protoss Ground Weapons Level 1 (Chrono Boost)  
  55  4:26  Twilight Council  
  55  4:27  Pylon  
  55  4:29  Assimilator  
  55  4:30  Assimilator  
  57  4:42  Stalker  
  57  4:43  Stalker x2  
  63  4:45  Probe  
  63  4:47  Probe  
  65  4:58  Probe  
  65  5:00  Probe, Charge (Chrono Boost)  
  67  5:11  Nexus  
  67  5:15  Pylon  
  67  5:19  Adept  
  69  5:24  Zealot x2  
  69  5:26  Pylon  
  73  5:30  Robotics Facility  
  73  5:32  Probe  
  73  5:33  Probe  
  75  5:45  Probe x2  
  75  5:46  Zealot  
  75  5:47  Zealot x2  
  83  5:52  Gateway  
  83  5:55  Gateway  
  81  6:07  Probe x2  
  83  6:15  Gateway  
  83  6:16  Photon Cannon  
  83  6:17  Protoss Ground Weapons Level 2 (Chrono Boost)  
  83  6:19  Probe x2, Observer (Chrono Boost)  
  83  6:22  Sentry  
  88  6:25  Zealot  
  88  6:26  Probe, Zealot  
  88  6:31  Probe x2  
  93  6:42  Gateway  
  93  6:43  Gateway  
  89  6:50  Zealot x3  
  89  6:53  Immortal (Chrono Boost)  
  87  7:04  Zealot x2  
  91  7:11  Sentry  
  91  7:12  Sentry x2  
  91  7:13  Zealot  
  84  7:27  Immortal (Chrono Boost)  
  84  7:28  Zealot x2  
  84  7:35  Gateway  
  84  7:37  Gateway, Zealot x4  
  88  7:46  Adept x2  
  88  7:50  Sentry x2  
  84  7:59  Immortal (Chrono Boost)  
  84  8:01  Zealot x4  
  84  8:03  Probe x3  
  97  8:06  Sentry  
  99  8:13  Zealot x2  
  99  8:15  Probe (Chrono Boost)  
  99  8:18  Templar Archives  
  104  8:24  Assimilator  
  104  8:32  Stalker  
  106  8:46  Pylon  
  106  8:48  Pylon, Warp Prism  
  108  9:08  High Templar  
  108  9:09  High Templar x4  
  118  9:10  High Templar  
  118  9:11  Zealot x2  
  118  9:13  Archon x2  
  118  9:15  Archon  
  124  9:20  Assimilator  
  124  9:26  Pylon  
  124  9:37  Zealot  
  125  9:39  Nexus  
  125  9:44  Pylon  
  125  9:45  Pylon  
  125  9:47  Pylon  
  109  9:57  Zealot x10  
  119  10:05  Protoss Ground Weapons Level 3  
  113  10:18  Zealot x5  
  113  10:21  High Templar x3  
  127  10:22  High Templar  
  127  10:27  Archon x2  
  129  10:40  Zealot x5  
  139  10:48  Immortal  
  137  10:54  High Templar  
  137  10:55  High Templar  
  141  11:01  Sentry, Archon  
  141  11:02  Sentry x3  
  147  11:09  Zealot x3  
  149  11:32  Zealot x6  
  161  11:34  Immortal  
  157  11:57  High Templar x2  
  157  11:58  High Templar x4  
  159  12:09  Archon x2  
  159  12:10  Archon  
  151  12:16  Immortal  
  153  12:27  Zealot x4  
  161  12:35  High Templar x2  
  165  12:42  Zealot x3  
  165  12:43  Archon  
  171  12:50  Warp Prism  
  153  13:06  Zealot x7  
  167  13:22  Protoss Ground Armor Level 1, Assimilator  
  167  13:24  Observer  
  167  13:25  Sentry, Assimilator  
  167  13:26  Sentry x2  
  170  13:43  Zealot x2  
  170  13:47  Pylon  
  172  13:48  Pylon  
  172  13:50  Pylon  
  168  14:09  Robotics Bay  
  162  14:22  Immortal  
  160  14:30  Blink (Chrono Boost)  
  164  14:35  Stalker x6  
  176  14:41  Dark Shrine  
  176  14:46  Nexus  
  176  14:50  Zealot  
  178  14:58  Zealot x4  
  178  14:59  Disruptor  
  189  15:11  Pylon  
  189  15:30  Disruptor  
  172  16:04  Zealot  
  172  16:05  Zealot x9  
  157  16:28  Zealot x10  
Tags
 
Add a new tag
Caveats
  • Supply blocks, unpowered buildings, or Contaminate may cause inaccurate times.
  • Supply counts are checked every 10 seconds.